 Dungeon Crawl Stone Soup version 0.18.1-47-g9310371 (webtiles) character file.

3754 sarahorange the Protected (level 10, 0/88 HPs)
             Began as a Hill Orc Abyssal Knight on June 13, 2016.
             Was an Elder of Lugonu.
             Slain by an orc wizard
             ... wielding a +0 dagger
              (1 damage)
             ... on level 9 of the Dungeon.
             The game lasted 01:49:22 (8867 turns).

sarahorange the Protected (Hill Orc Abyssal Knight) Turns: 8867, Time: 01:49:22

Health: 0/88       AC: 11    Str: 17    XL:     10   Next: 15%
Magic:  11/12      EV: 13    Int: 12    God:    Lugonu [****..]
Gold:   134        SH:  0    Dex: 10    Spells: 0 memorised, 9 levels left

rFire  + . .     SeeInvis .     F - +1 war axe (elec)
rCold  . . .     Gourm    .     x - +1 ring mail {rF+}
rNeg   + . .     Faith    .     (no shield)
rPois  .         Spirit   .     (no helmet)
rElec  .         Dismiss  .     y - +0 cloak
rCorr  .         Reflect  .     o - +0 pair of gloves
SustAt .         Harm     .     b - +0 pair of boots
MR     .....                    q - amulet of regeneration
Stlth  +.........               (no ring)
                                n - ring of positive energy

@: about to teleport, drained, not resistant to hostile enchantments, very
unstealthy
A: weak 1
a: Depart the Abyss, Bend Space, Banish, Corrupt, Renounce Religion, Convert to
Beogh


You were on level 9 of the Dungeon.
You worshipped Lugonu.
Lugonu was greatly pleased with you.
You were not hungry.

You visited 2 branches of the dungeon, and saw 10 of its levels.
You visited the Abyss 1 time.

You collected 338 gold pieces.
You spent 204 gold pieces at shops.

Inventory:

Hand Weapons
 a - a +2 falchion
 d - a +3 spear
 t - a +3 quarterstaff of chaos
 v - a +0 flail of protection
 z - a +1 mace of holy wrath
 B - a +0 blowgun
 D - a +0 vampiric dagger
 F - a +1 war axe of electrocution (weapon)
 T - a +1 dagger of chaos
Missiles
 w - 77 poisoned needles (quivered)
 E - 2 curare-tipped needles
 J - 2 javelins of penetration
Armour
 b - a +0 pair of boots (worn)
 f - a +1 ring mail
 o - a +0 pair of gloves (worn)
 x - a +1 ring mail of fire resistance (worn)
 y - a +0 cloak (worn)
 O - a +0 pair of gloves
 U - a +1 robe of cold resistance
Magical Staves
 K - an uncursed staff of poison
Jewellery
 i - an uncursed ring of see invisible
 n - a ring of positive energy (left hand)
 q - an amulet of regeneration (around neck)
 s - an uncursed ring of flight
 N - a +2 ring of dexterity {unknown}
Wands
 m - a wand of iceblast (8/15)
 R - a wand of random effects (28/48)
 S - a wand of iceblast (13/15)
Scrolls
 e - 2 scrolls of remove curse
 g - a scroll of teleportation
 k - a scroll of blinking {unknown}
 G - a scroll of magic mapping {unknown}
 L - a scroll of brand weapon {unknown}
 M - 2 scrolls of amnesia
 Q - a scroll of fear
Potions
 j - 2 potions of curing
 l - a potion of cancellation
 p - a potion of magic
 r - a potion of heal wounds {unknown}
 u - a potion of flight {unknown}
 C - a potion of haste
 H - a potion of ambrosia {unknown}
 P - a potion of brilliance {unknown}
Books
 I - a book of Fire

   Spells                             Type                      Level
   a - Ignite Poison                  Fire/Transmutation/Poison    3
   b - Fireball                       Conjuration/Fire             5
   c - Bolt of Fire                   Conjuration/Fire             6
   d - Delayed Fireball               Conjuration/Fire             7
   e - Ring of Flames                 Charms/Fire                  7
Comestibles
 c - 6 bread rations
 h - a slice of pizza
 A - a royal jelly


   Skills:
 + Level 8.0 Fighting
 + Level 4.3 Long Blades
 + Level 7.5(8.0) Axes
 + Level 3.3(5.1) Maces & Flails
 + Level 0.5(0.4) Throwing
 + Level 8.1(8.0) Armour
 + Level 6.0(5.9) Dodging
 + Level 1.6 Stealth
 + Level 2.7(2.6) Invocations


You had 9 spell levels left.
You didn't know any spells.

Dungeon Overview and Level Annotations

Branches:
Dungeon (9/15)             Temple (1/1) D:7
   Lair: D:8-11         Orc: D:9-12

Altars:
Ashenzari
Cheibriados
Dithmenos
Elyvilon
Fedhas
Gozag
Kikubaaqudgha
Makhleb
Nemelex Xobeh
Okawaru
Pakellas
Qazlal
Ru
Sif Muna
Trog
Vehumet
Xom
Yredelemnul
Zin
The Shining One

Shops:
D:7 (


Innate Abilities, Weirdness & Mutations

You are weak. (Str -2)


Message History

The orc warrior is almost dead.
The orc warrior hits you with a short sword!
* * * LOW HITPOINT WARNING * * *
The orc priest misses you.
The orc warrior hits you with a short sword.
* * * LOW HITPOINT WARNING * * *
Space bends around you!
You blink.
* * * LOW HITPOINT WARNING * * *
You feel slightly more hungry.
The orc priest shouts, "Surrender to Beogh and we'll let you live!"
The orc priest closely misses you. Something completely misses you.
Read which item? (? for menu, Esc to quit)
As you read the scroll of teleportation, it crumbles to dust.
You feel strangely unstable.
The orc priest mumbles some strange prayers to Beogh against you.
Pain shoots through your body!
* * * LOW HITPOINT WARNING * * *
Something hits you but does no damage. Something hits you.
You die...

.. .# ##.# #.. #.#
##### ##.######## #...
..........# ##.#######
.....<....###.o.@....#
.............)o......#
..........###........#
..........# #........#
########### #........#
#<.......# ##########


You could see an orc warrior and an orc priest.

Vanquished Creatures
  The ghost of M4edhros the Spear-Bearer, a novice OpAr of Fedhas (D:8)
  Psyche (D:9)
  Prince Ribbit (D:8)
  Menkaure (D:5)
  The ghost of Metae the Magician, an amateur DEWz (D:3)
  An orc warrior (D:8)
  An ice beast (D:5)
  2 sky beasts (D:8)
  2 phantoms (D:4)
  A necrophage (D:5)
  A centaur (D:5)
  3 ogres
  2 big kobolds (D:7)
  4 giant frogs
  A scorpion (D:8)
  An electric eel (D:8)
  2 crimson imps
  2 giant frog zombies
  6 orc priests
  7 hounds
  A jelly (D:7)
  Crazy Yiuf (D:5)
  3 iguanas
  2 orc wizards
  A giant frog skeleton (D:4)
  7 worker ants
  A hound skeleton (D:4)
  2 worker ant zombies
  3 gnolls (D:7)
  8 adders
  A shadow imp (D:8)
  An ooze (D:3)
  2 adder zombies
  2 dart slugs (D:1)
  5 giant geckos
  23 orcs
  4 bats
  3 giant cockroaches
  7 goblins
  A hobgoblin (D:1)
  13 jackals
  11 kobolds
  6 quokkas
  3 giant newts (D:1)
  A quokka zombie (D:8)
  6 rats
159 creatures vanquished.

Notes
Turn   | Place    | Note
--------------------------------------------------------------
     0 | Abyss:1  | sarahorange the Hill Orc Abyssal Knight began the quest for the Orb.
     0 | Abyss:1  | Reached XP level 1. HP: 19/19 MP: 2/2
    72 | Abyss:1  | Noticed an orange demon
    98 | Abyss:1  | Noticed a large abomination
   100 | D:1      | Escaped the Abyss
   900 | D:1      | Reached XP level 2. HP: 27/27 MP: 3/3
   902 | D:1      | Reached skill level 1 in Dodging
   951 | D:1      | Reached * piety under Lugonu
  1692 | D:2      | Reached XP level 3. HP: 11/34 MP: 4/4
  2534 | D:3      | Reached XP level 4. HP: 36/41 MP: 5/5
  2644 | D:3      | Noticed Metae's ghost (amateur DEWz)
  2716 | D:3      | Killed Metae's ghost
  2716 | D:3      | Reached XP level 5. HP: 27/47 MP: 6/6
  2829 | D:4      | Noticed a phantom
  2928 | D:4      | Killed a phantom
  2928 | D:4      | Reached skill level 5 in Fighting
  2928 | D:4      | Reached XP level 6. HP: 24/56 MP: 7/7
  3160 | D:4      | Reached skill level 1 in Stealth
  3184 | D:4      | Found a stormy altar of Qazlal.
  3184 | D:4      | Noticed a fire elemental
  3186 | D:4      | Noticed an air elemental
  3186 | D:4      | Noticed a water elemental
  3234 | D:4      | Noticed a phantom
  3255 | D:4      | Killed a phantom
  3255 | D:4      | Reached XP level 7. HP: 61/61 MP: 8/8
  3342 | D:4      | Reached skill level 5 in Armour
  3389 | D:4      | Found an oddly glowing altar of Pakellas.
  3404 | D:4      | Reached ** piety under Lugonu
  3404 | D:4      | Reached skill level 1 in Axes
  3815 | D:5      | Entered Level 5 of the Dungeon
  4125 | D:5      | Noticed Crazy Yiuf
  4138 | D:5      | Killed Crazy Yiuf
  4138 | D:5      | Reached XP level 8. HP: 62/69 MP: 9/9
  4236 | D:5      | Noticed Menkaure
  4275 | D:5      | Killed Menkaure
  4291 | D:5      | Found a basalt altar of Yredelemnul.
  4386 | D:5      | Found an opulent altar of Gozag.
  4601 | D:5      | Reached skill level 1 in Maces & Flails
  5878 | D:7      | Reached XP level 9. HP: 77/77 MP: 10/10
  5885 | D:7      | Reached *** piety under Lugonu
  5973 | D:7      | Found Ciepliol's Weapon Shop.
  5976 | D:7      | Bought a +1 war axe of electrocution for 204 gold pieces
  6372 | D:7      | Found a staircase to the Ecumenical Temple.
  6487 | Temple   | Entered the Ecumenical Temple
  6974 | D:7      | Reached skill level 5 in Dodging
  7213 | D:8      | Noticed M4edhros's ghost (novice OpAr)
  7645 | D:8      | Reached **** piety under Lugonu
  7656 | D:8      | Reached skill level 5 in Axes
  7821 | D:8      | Killed M4edhros's ghost
  7900 | D:8      | Gained mutation: You are weak. (Str -2) [mutagenic meat]
  8046 | D:8      | Noticed Prince Ribbit
  8102 | D:8      | Killed Prince Ribbit
  8102 | D:8      | Reached XP level 10. HP: 44/87 MP: 11/11
  8242 | D:8      | Noticed a hill giant
  8721 | D:8      | You fall through a shaft!
  8788 | D:9      | Noticed Psyche
  8802 | D:9      | Killed Psyche
  8866 | D:9      | HP: 1/88 [orc priest/nerve-wracking pain (12)]
  8867 | D:9      | Slain by an orc wizard

Skill      XL: |  1  2  3  4  5  6  7  8  9 10 |
---------------+-------------------------------+-----
Fighting       | 4 5 6 7 8 |  8.0
Dodging        | 1 2 3 4 5 6 |  6.0
Long Blades    | 3 4 |  4.3
Armour         | 3 4 5 6 7 8 |  8.1
Stealth        | 1 |  1.6
Axes           | 3 4 7 |  7.5
Maces & Flails | 2 3 |  3.3
Throwing       | |  0.5
Invocations    | |  2.7

Action                   |  1- 3 |  4- 6 |  7- 9 | 10-12 || total
-------------------------+-------+-------+-------+-------++-------
Melee: Falchion          |   123 |   108 |       |       ||   231
       War axe           |       |    31 |   267 |    56 ||   354
       Mace              |       |       |   263 |       ||   263
Invok: Depart the Abyss  |     1 |       |       |       ||     1
       Bend Space        |       |       |       |     2 ||     2
  Use: Scroll            |    10 |       |    13 |     3 ||    26
       Potion            |       |     2 |     1 |     1 ||     4
  Eat: Chunk             |     3 |       |    12 |     1 ||    16
       Pizza             |     1 |       |     1 |     1 ||     3
       Meat ration       |     1 |       |       |       ||     1
       Beef jerky        |       |       |     1 |       ||     1
       Royal jelly       |       |       |     1 |       ||     1
Armor: Leather armour    |     6 |       |       |       ||     6
       Ring mail         |    42 |    62 |   190 |    23 ||   317
       Skin              |       |    11 |       |       ||    11
Dodge: Dodged            |    66 |    53 |   331 |    40 ||   490
